 Dungeon Crawl Stone Soup version 0.27-a0-475-g4587593e40 (webtiles) character file.

Game seed: 950160600118587702

1 EnegeticOcto the Grave Robber (level 1, 0/13 HPs)
             Began as a Mummy Necromancer on Mar 1, 2021.
             Slain by a bat (1 damage)
             ... on level 1 of the Dungeon.
             The game lasted 00:00:20 (56 turns).

EnegeticOcto the Grave Robber (Mummy Necromancer)     Turns: 56, Time: 00:00:21

Health: 0/13       AC:  2    Str: 11    XL:     1   Next: 16%
Magic:  1/4        EV: 12    Int: 14    God:
Gold:   0          SH:  0    Dex: 12    Spells: 4/5 levels left

rFire    x . .     SeeInvis .   (no weapon)
rCold    + . .     Faith    .   (no shield)
rNeg     + + +     Spirit   .   a - +0 robe
rPois    ∞         Reflect  .   (no helmet)
rElec    .         Harm     .   (no cloak)
rCorr    .         Rampage  .   (no gloves)
Will     .....                  (no boots)
Stlth    +.........             (no amulet)
HPRegen  0.04/turn              (no ring)
MPRegen  0.09/turn              (no ring)

@: very slightly contaminated, very slow
A: cold resistance 1, negative energy resistance 3, torment resistance,
unbreathing, heat vulnerability 1, no potions
a: no special abilities


You were on level 1 of the Dungeon.
You visited 1 branch of the dungeon, and saw 1 of its levels.

Inventory:

Armour
 a - a +0 robe (worn)


   Skills:
 - Level 1.5 Dodging
 - Level 1.5 Stealth
 - Level 2.6 Spellcasting
 + Level 4.0 Necromancy


You had 4 spell levels left.
You knew the following spells:

 Your Spells              Type           Power        Failure   Level
a - Pain                  Necr           52%          4%          1

Your spell library contained the following spells:

 Spells                   Type           Power        Failure   Level
 Animate Skeleton         Necr           26%          4%          1
 Vampiric Draining        Necr           6%           12%         3
 Animate Dead             Necr           6%           38%         4
 Agony                    Necr           13%          75%         5


Dungeon Overview and Level Annotations

Branches:
Dungeon (1/15)

Altars:


Innate Abilities, Weirdness & Mutations

You are immune to poison.
Your flesh is cold resistant. (rC+)
You are immune to negative energy. (rN+++)
You are immune to unholy pain and torment.
You can survive without breathing.
You are vulnerable to heat. (rF-)
You do not drink.


Message History

You enter the shallow water.
Moving in this stuff is going to be slow.
You enter the shallow water.
Moving in this stuff is going to be slow.
You enter the shallow water.
Moving in this stuff is going to be slow.
You enter the shallow water.
Moving in this stuff is going to be slow.
A jackal comes into view.
A goblin comes into view. It is wielding a +0 dagger.
The goblin shouts!
The jackal barks!
You hear a bark! x2
A jackal comes into view.
A bat and a jackal come into view.
The goblin misses you.
A rat comes into view.
Casting: Pain (safe; 4% risk of failure)
Confirm with . or Enter, or press ? or * to list all spells.
Aiming: Pain (safe; 4% risk of failure)
Press: ? - help, Shift-Dir - straight line, f - goblin
Aim: a goblin, wielding a +0 dagger (chance to affect: 83%)
The goblin barely resists.
The jackal barks!
You hear a bark!
The goblin barely misses you. The bat hits you but does no damage.
The bat hits you but does no damage. The bat misses you.
Casting: Pain (safe; 4% risk of failure)
Confirm with . or Enter, or press ? or * to list all spells.
Aiming: Pain (safe; 4% risk of failure)
Press: ? - help, Shift-Dir - straight line, f - bat
Aim: a bat (chance to affect: 83%)
You miscast Pain.
You are very lightly contaminated with residual magic.
Nothing appears to happen.
The bat barely misses you.
Casting: Pain (safe; 4% risk of failure)
Confirm with . or Enter, or press ? or * to list all spells.
Aiming: Pain (safe; 4% risk of failure)
Press: ? - help, Shift-Dir - straight line, f/p - bat
Aim: a bat (chance to affect: 83%)
The jackal writhes in agony.
The jackal closely misses you.
Casting: Pain (safe; 4% risk of failure)
Confirm with . or Enter, or press ? or * to list all spells.
Aiming: Pain (safe; 4% risk of failure)
Press: ? - help, Shift-Dir - straight line, f/p - bat
Aim: a bat (chance to affect: 83%)
The jackal writhes in agony.
The jackal bites you but does no damage.
You closely miss the jackal.
The jackal is moderately wounded.
The bat closely misses you. The jackal misses you.
You barely miss the jackal.
The jackal is moderately wounded.
The jackal bites you.
The jackal bites you but does no damage.
The jackal closely misses you.
You hit the jackal but do no damage.
The jackal is moderately wounded.
The jackal bites you. The jackal barely misses you. x2
You closely miss the jackal.
The jackal is moderately wounded.
The jackal misses you. The jackal closely misses you.
A kobold comes into view.
The jackal barely misses you.
Your magical contamination has completely faded away.
The jackal bites you but does no damage.
The jackal closely misses you.
You enter the shallow water.
Moving in this stuff is going to be slow.
The bat closely misses you.
Casting: Pain (safe; 4% risk of failure)
Confirm with . or Enter, or press ? or * to list all spells.
Aiming: Pain (safe; 4% risk of failure)
Press: ? - help, Shift-Dir - straight line, f/p - bat
Aim: a bat (chance to affect: 83%)
You miscast Pain.
You are very lightly contaminated with residual magic.
Nothing appears to happen.
The bat barely misses you.
The jackal splashes around in the water.
The goblin hits you but does no damage.
You completely miss the jackal. The bat misses you. The jackal misses you.
The jackal splashes around in the water. x2
The goblin splashes around in the water.
The jackal barely misses you. The jackal bites you.
You hit the jackal.
The jackal is moderately wounded.
The bat closely misses you.
The jackal splashes around in the water. x4
The goblin hits you but does no damage. The bat barely misses you.
The bat closely misses you. The jackal bites you.
The jackal bites you but does no damage.
The jackal misses you. The goblin hits you with a +0 dagger.
The bat closely misses you. The jackal bites you.
* * * LOW HITPOINT WARNING * * *
The jackal misses you. The jackal bites you.
* * * LOW HITPOINT WARNING * * *
The jackal splashes around in the water.
The goblin closely misses you. The jackal closely misses you.
The jackal splashes around in the water.
The kobold shouts!
The bat hits you.
You die...

..# ..
...######..##...
...............h....
....#######.#######.
...).####...####.K
#.....#..≈..#....
#8..≈....r....≈..8 #
##...≈..hhg..≈...#
#...#.....≈≈b@h≈≈.....
#.....≈≈≈≈...≈≈≈≈...
#...≈≈≈≈≈..<..≈≈≈≈≈.
#.....≈≈≈≈...≈≈≈≈...
#.#.....≈≈≈≈≈≈≈.....
#. ##...≈..≈≈≈..≈... #
#8..≈....≈....≈..
#.....#..≈..#....
....####...####..


You could see 3 jackals, a goblin, a bat, a kobold and a rat.

Vanquished Creatures
  A bat (D:1)
1 creature vanquished.

Notes
Turn   | Place    | Note
-------+----------+-------------------------------------------
     0 | D:1      | EnegeticOcto the Mummy Necromancer began the quest for the
                  | Orb.
     0 | D:1      | Reached XP level 1. HP: 13/13 MP: 4/4
    56 | D:1      | Slain by a bat

Illustrated notes

Levels and vault maps discovered:
D:1:      eino_arrival_water_star, layout_rooms, chequers_serial_rivers_small_3,
          kennysheep_another_room

Action                   || total
-------------------------++-------
Melee: Unarmed           ||     7
 Cast: Pain              ||     6
Armor: Robe              ||     7
Dodge: Dodged            ||    28

Table legend: (Time is in decaauts)
 A = Elapsed time spent in this place.
 B = Non-inter-level travel time spent in this place.
 C = Inter-level travel time spent in this place.
 D = Time resting spent in this place.
 E = Time spent auto-exploring this place.
 F = Levels seen in this place.
 G = Mean time per level.
                   A        B        C        D        E       F      G
               +--------+--------+--------+--------+--------+-----+--------+
         Total |     72 |     72 |      0 |      0 |      0 |   1 |   72.0 |
       Dungeon |     72 |     72 |      0 |      0 |      0 |   1 |   72.0 |
               +--------+--------+--------+--------+--------+-----+--------+

Top non-repeatable levels by time:
     D:1: 72 daAuts
